 Dungeon Crawl Stone Soup version 0.19.4 (webtiles) character file.

22632 Gargoyl the Cleaver (level 13, 0/107 HPs)
             Began as a Ghoul Abyssal Knight on Feb 1, 2017.
             Was an Elder of Lugonu.
             Slain by a molten gargoyle
             ... wielding a +0 mace
              (2 damage)
             ... on level 6 of the Lair of Beasts on Feb 2, 2017.
             The game lasted 00:34:19 (13740 turns).

Gargoyl the Cleaver (Ghoul Abyssal Knight)         Turns: 13740, Time: 00:34:19

Health: 0/107      AC: 21    Str: 21    XL:     13   Next: 1%
Magic:  19/19      EV:  2    Int:  7    God:    Lugonu [****..]
Gold:   693        SH:  0    Dex: 11    Spells: 0 memorised, 12 levels left

rFire  + + .     SeeInvis .     s - +4 war axe (venom)
rCold  . . .     Gourm    .     D - +1 fire dragon scales
rNeg   + + +     Faith    .     w - +0 large shield
rPois  ∞         Spirit   .     C - +2 hat
rElec  .         Reflect  .     e - +0 cloak
rCorr  .         Harm     .     o - +2 pair of gloves
MR     .....                    y - +0 pair of boots
Stlth  ..........               (no amulet)
                                j - +3 ring of strength
                                g - +2 ring of evasion

@: petrified, rotting
A: rotting body, claws 1, carnivore 3, cold resistance 1, negative energy
resistance 3, slow regeneration 1, torment resistance, unbreathing
a: Depart the Abyss, Bend Space, Banish, Corrupt, Renounce Religion


You were on level 6 of the Lair of Beasts.
You worshipped Lugonu.
Lugonu was greatly pleased with you.
You were not hungry.

You visited 2 branches of the dungeon, and saw 19 of its levels.
You visited the Abyss 1 time.

You collected 883 gold pieces.
You spent 190 gold pieces at shops.

Inventory:

Hand Weapons
 a - a +1 hand axe
 h - a +1 whip of electrocution
 s - a +4 war axe of venom (weapon)
 I - a +0 trident of venom
 J - a +0 war axe
Missiles
 i - 10 javelins (quivered)
Armour
 e - a +0 cloak (worn)
 o - a +2 pair of gloves (worn)
 w - a +0 large shield (worn)
 y - a +0 pair of boots (worn)
 C - a +2 hat (worn)
 D - +1 fire dragon scales (worn)
 P - the +0 hat "Qetafiwn" {rElec rC+ MR+ MP-9}
   (You acquired it on level 5 of the Lair of Beasts)

   It protects you from cold.
   It insulates you from electricity.
   It affects your resistance to hostile enchantments.
   It affects your magic capacity (-9).
Jewellery
 d - an uncursed ring of resist corrosion
 g - a +2 ring of evasion (left hand)
 j - a +3 ring of strength (right hand)
 p - an uncursed ring of protection from fire
 O - an uncursed ring of flight
Wands
 b - a wand of acid (5/15)
 f - a wand of iceblast (13/15)
 n - a wand of polymorph (12/24)
 t - a wand of heal wounds (3/9)
 E - a wand of acid (10/15)
 F - a wand of flame (26/48)
 N - a wand of enslavement (16/24)
 T - a wand of confusion (11/48)
 V - a wand of flame (25/48)
Scrolls
 m - 2 scrolls of fog
 v - 5 scrolls of remove curse
 x - 3 scrolls of magic mapping
 A - a scroll of teleportation
 L - a scroll of fear
 S - 2 scrolls of blinking
Potions
 l - 3 potions of magic
 q - 6 potions of curing
 u - 9 potions of heal wounds
 z - 2 potions of cancellation
 B - 3 potions of flight
 G - a potion of ambrosia
 H - a potion of cure mutation
 U - a potion of brilliance
Books
 K - a book of Party Tricks

   Spells                             Type                      Level
   a - Summon Butterflies             Summoning                    1
   b - Apportation                    Translocation                1
   c - Lesser Beckoning               Translocation                3
   d - Tukima's Dance                 Hexes                        3
   e - Alistair's Intoxication        Transmutation/Poison         5
   f - Invisibility                   Hexes                        6
 M - a book of Cantrips

   Spells                             Type                      Level
   a - Confusing Touch                Hexes                        1
   b - Animate Skeleton               Necromancy                   1
   c - Summon Small Mammal            Summoning                    1
   d - Apportation                    Translocation                1
 R - a book of Transfigurations

   Spells                             Type                      Level
   a - Irradiate                      Conjuration/Transmutation    5
   b - Statue Form                    Transmutation/Earth          6
   c - Hydra Form                     Transmutation                6
   d - Dragon Form                    Transmutation                7
Comestibles
 c - 11 meat rations
 k - 3 beef jerkies
 r - 4 slices of pizza


   Skills:
 + Level 8.1 Fighting
 + Level 10.2(10.4) Axes
 + Level 3.0(7.2) Maces & Flails
 + Level 1.0 Throwing
 * Level 10.1 Armour
 + Level 4.7 Dodging
 + Level 7.5 Shields
 * Level 9.6 Invocations
 + Level 0.3 Evocations


You had 12 spell levels left.
You didn't know any spells.

Dungeon Overview and Level Annotations

Branches:
Dungeon (13/15)            Temple (0/1) D:5            Lair (6/6) D:10
  Swamp (0/4) Lair:3        Snake (0/4) Lair:3
  Slime: Lair:5-6       Orc: D:9-12      Vaults: D:13-14

Altars:
Ashenzari
Elyvilon
Gozag
Okawaru
Qazlal
Ru
Trog
Uskayaw

Shops:
D:4 *   D:10 %

Annotations:
D:9 1 runed door
D:13 Nessos


Innate Abilities, Weirdness & Mutations

Your body is rotting away.
You thrive on raw meat.
You are immune to poison.
You have sharp fingernails.
You are carnivorous and can eat meat at any time.
Your flesh is cold resistant. (rC+)
You are immune to negative energy. (rN+++)
You regenerate slowly when monsters are visible.
You are immune to unholy pain and torment.
You can survive without breathing.


Message History

* * * LOW HITPOINT WARNING * * *
The komodo dragon bites you but does no damage.
The basilisk bites you!
* * * LOW HITPOINT WARNING * * *
The wyvern bites you but does no damage.
The molten gargoyle hits you but does no damage.
The wyvern bites you. The komodo dragon bites you!
* * * LOW HITPOINT WARNING * * *
The fire crab bites you.
* * * LOW HITPOINT WARNING * * *
You are engulfed in flames.
You resist.
* * * LOW HITPOINT WARNING * * *
The fire crab claws you but does no damage.
The basilisk hisses menacingly.
The basilisk bites you but does no damage.
The wyvern bites you but does no damage.
The molten gargoyle hits you with a mace!
* * * LOW HITPOINT WARNING * * *
You are engulfed in flames.
You resist.
You die...

#.........P♣ #..<.......
§ ### ......... ..#..#
....... ≈.....### .....♣
.. ≈#......#### #....♣
♣♣♣. ≈≈....l@9l.#
#...#♣♣♣.P.
.§≈#..tll....#..##YY...P
.≈≈≈##.h.....#..hYYY....
≈≈. S.l..####..####P...
≈ .....#####...# #PP..
.....## #...### #....
#.....8 #....# ##...
......# ##....# ##...
#.....# #....


You could see a fire crab, 2 komodo dragons, a black mamba, 2 basilisks, a
molten gargoyle, a hell hound and a wyvern.

Vanquished Creatures
  A death yak (Lair:1)
  Urug (Lair:4)
  An elephant (D:10)
  A black mamba (Lair:2)
  A torpor snail (Lair:5)
  4 spiny frogs
  A gargoyle (D:10)
  2 rime drakes
  3 komodo dragons
  3 trolls
  3 two-headed ogres
  2 polar bears
  5 hippogriffs
  A dream sheep (Lair:1)
  13 blink frogs (Lair:2)
  Sigmund (D:6)
  A spriggan (Lair:1)
  24 yaks
  Eustachio (D:4)
  A hungry ghost (D:8)
  7 water moccasins
  10 porcupines
  A phantom (D:7)
  2 black bears
  An orc warrior (D:10)
  2 sky beasts
  2 ice beasts
  8 wolves (Lair:3)
  2 ogres
  An eye of draining (D:8)
  3 centaurs
  8 crocodiles
  10 bullfrogs
  2 big kobolds
  A gnoll sergeant (D:9)
  A scorpion (Lair:2)
  3 killer bees (D:10)
  3 wights (D:9)
  2 howler monkeys
  2 centaur zombies
  A lava snake (D:9)
  2 crimson imps
  4 quasits
  4 bullfrog zombies
  6 hounds
  3 orc wizards (D:9)
  2 orc priests
  2 centaur skeletons
  3 jellies
  A bullfrog skeleton (D:4)
  Jessica (D:3)
  4 iguanas
  6 worker ants
  Terence (D:2)
  2 hound zombies
  2 hound skeletons
  2 worker ant zombies
  7 gnolls
  17 adders
  An ooze (D:5)
  2 adder zombies
  4 adder skeletons
  A worm (D:2)
  2 dart slugs
  7 leopard geckos
  20 orcs
  4 giant cockroaches
  9 goblins
  6 hobgoblins
  12 jackals
  3 quokkas (D:3)
  4 ball pythons
  4 bats (D:1)
  5 frilled lizards
  2 jackal skeletons
  8 kobolds
  A leopard gecko zombie (D:5)
  2 quokka skeletons
  6 rats
  3 fungi
  4 plants
321 creatures vanquished.

Vanquished Creatures (collateral kills)
  A bullfrog (Lair:5)
1 creature vanquished.

Vanquished Creatures (others)
  3 hydras
  An electric eel (D:9)
  A crimson imp (D:7)
  3 fungi
  13 plants
21 creatures vanquished.

Grand Total: 343 creatures vanquished

Notes
Turn   | Place    | Note
-------+----------+-------------------------------------------
     0 | Abyss:1  | Gargoyl the Ghoul Abyssal Knight began the quest for the Orb.
     0 | Abyss:1  | Reached XP level 1. HP: 19/19 MP: 1/1
    26 | Abyss:2  | Got a spiked helmet
    32 | Abyss:2  | Identified the +0 helmet "Roit" {rN+} (You found it on level 2 of the Abyss)
    35 | Abyss:2  | Noticed a yellow draconian knight
    36 | D:1      | Escaped the Abyss
    38 | D:1      | Noticed an electric eel
   117 | D:1      | Reached skill level 1 in Dodging
   190 | D:1      | Reached XP level 2. HP: 24/26 MP: 2/2
   510 | D:1      | Reached * piety under Lugonu
   956 | D:2      | Reached XP level 3. HP: 27/31 MP: 3/3
  1069 | D:2      | Noticed Terence
  1077 | D:2      | Killed Terence
  1106 | D:2      | Reached XP level 4. HP: 39/39 MP: 4/4
  1682 | D:3      | Found a faded altar of an unknown god.
  1682 | D:3      | Found a faded altar of an unknown god.
  1687 | D:3      | Found a faded altar of an unknown god.
  1689 | D:3      | Found a bloodstained altar of Trog.
  1691 | D:3      | Found a faded altar of an unknown god.
  1786 | D:3      | Noticed Jessica
  1823 | D:3      | Killed Jessica
  1962 | D:2      | Reached XP level 5. HP: 14/46 MP: 6/6
  2148 | D:3      | Reached skill level 1 in Maces & Flails
  2199 | D:3      | Reached ** piety under Lugonu
  2555 | D:4      | Noticed Eustachio
  2574 | D:3      | Reached XP level 6. HP: 38/52 MP: 7/7
  2597 | D:4      | Killed Eustachio
  2869 | D:4      | Reached skill level 1 in Shields
  3044 | D:4      | Reached XP level 7. HP: 57/59 MP: 8/8
  3157 | D:4      | Found a shattered altar of Ashenzari.
  3172 | D:4      | Found Gaeneps's Assorted Antiques.
  3421 | D:4      | Bought a glowing war axe for 190 gold pieces
  3788 | D:4      | Found a hide-covered altar of Uskayaw.
  3791 | D:4      | Found a sacrificial altar of Ru.
  3794 | D:4      | Found an opulent altar of Gozag.
  3983 | D:5      | Entered Level 5 of the Dungeon
  3990 | D:5      | Found a staircase to the Ecumenical Temple.
  4022 | D:5      | Noticed a yak
  4024 | D:5      | Noticed a yak
  4024 | D:5      | Noticed a yak
  4024 | D:5      | Noticed a yak
  4033 | D:5      | Killed a yak
  4059 | D:4      | Killed a yak
  4059 | D:4      | Reached skill level 5 in Armour
  4059 | D:4      | Reached XP level 8. HP: 31/67 MP: 10/10
  4078 | D:5      | Killed a yak
  4079 | D:5      | Killed a yak
  4136 | D:5      | Reached *** piety under Lugonu
  4621 | D:6      | Reached skill level 5 in Invocations
  4964 | D:6      | Noticed Sigmund
  4986 | D:6      | Killed Sigmund
  4986 | D:6      | Reached XP level 9. HP: 47/72 MP: 10/12
  5264 | D:6      | Found a bloodstained altar of Trog.
  5361 | D:7      | Reached skill level 5 in Axes
  5393 | D:7      | Reached skill level 5 in Fighting
  6883 | D:9      | Noticed a two-headed ogre
  6888 | D:9      | Killed a two-headed ogre
  6888 | D:9      | Reached XP level 10. HP: 56/79 MP: 13/13
  6925 | D:9      | Found a runed door.
  6925 | D:9      | Found a white marble altar of Elyvilon.
  6925 | D:9      | Noticed an angel
  7263 | D:9      | Reached **** piety under Lugonu
  7699 | D:10     | Entered Level 10 of the Dungeon
  7790 | D:10     | Found Vewn's Food Boutique.
  7923 | D:10     | Found a staircase to the Lair.
  7923 | D:10     | Noticed an elephant
  7942 | D:10     | Killed an elephant
  8205 | D:10     | You fall through a shaft for 3 floors!
  8267 | D:13     | Noticed Nessos
  8501 | D:11     | Noticed a hill giant
  8601 | D:10     | Noticed a gargoyle
  8621 | D:10     | Killed a gargoyle
  8621 | D:10     | Reached XP level 11. HP: 76/91 MP: 15/15
  8829 | D:10     | Reached skill level 5 in Shields
  8849 | Lair:1   | Entered Level 1 of the Lair of Beasts
  9327 | Lair:1   | Noticed a death yak
  9343 | Lair:1   | Killed a death yak
 10269 | Lair:2   | Reached skill level 1 in Throwing
 10269 | Lair:2   | Reached XP level 12. HP: 78/100 MP: 17/17
 10907 | Lair:3   | Found a staircase to the Swamp.
 11076 | Lair:3   | Found a staircase to the Snake Pit.
 11083 | Lair:3   | Reached ***** piety under Lugonu
 11258 | Lair:3   | Found a stormy altar of Qazlal.
 11317 | Lair:3   | Found an iron altar of Okawaru.
 11373 | Lair:3   | Noticed a six-headed hydra
 11373 | Lair:3   | Banished a six-headed hydra
 12144 | Lair:4   | Noticed Urug
 12162 | Lair:4   | Killed Urug
 12722 | Lair:5   | Got a dazzling chain mail
 12723 | Lair:5   | Identified the cursed +1 chain mail "Defuc" {MR+} (You found it on level 5 of the Lair of Beasts)
 12888 | Lair:5   | Identified a scroll of acquirement
 12889 | Lair:5   | Got a pitted hat
 12900 | Lair:5   | Identified the +0 hat "Qetafiwn" {rElec rC+ MR+ MP-9} (You acquired it on level 5 of the Lair of Beasts)
 13272 | Lair:5   | Reached skill level 10 in Axes
 13494 | Lair:6   | Entered Level 6 of the Lair of Beasts
 13494 | Lair:6   | Noticed a four-headed hydra
 13528 | Lair:6   | Banished a four-headed hydra
 13528 | Lair:6   | Reached skill level 10 in Armour
 13570 | Lair:6   | Noticed an eight-headed hydra
 13574 | Lair:6   | Banished an eight-headed hydra
 13660 | Lair:6   | Reached XP level 13. HP: 94/107 MP: 19/19
 13740 | Lair:6   | HP: 2/107 [molten gargoyle/mace (4)]
 13740 | Lair:6   | Slain by a molten gargoyle

Skill      XL: |  1  2  3  4  5  6  7  8  9 10 11 12 |
---------------+-------------------------------------+-----
Dodging        | 1 2 3 4 |  4.7
Axes           | 2 4 6 7 9 10 | 10.2
Armour         | 2 3 4 5 6 7 8 9 10 | 10.1
Maces & Flails | 1 2 3 |  3.0
Invocations    | 3 4 5 6 7 8 9 |  9.6
Shields        | 1 2 3 4 6 7 |  7.5
Fighting       | 4 5 6 7 8 |  8.1
Throwing       | 1 |  1.0
Evocations     | |  0.3

Action                   |  1- 3 |  4- 6 |  7- 9 | 10-12 | 13-15 || total
-------------------------+-------+-------+-------+-------+-------++-------
Melee: Hand axe          |    77 |       |       |       |       ||    77
       Whip              |    18 |   163 |    58 |       |       ||   239
       War axe           |       |       |   298 |   743 |     6 ||  1047
Throw: Tomahawk          |       |       |     3 |    14 |       ||    17
       Javelin           |       |       |       |     5 |     3 ||     8
Invok: Depart the Abyss  |     1 |       |       |       |       ||     1
       Bend Space        |       |       |     1 |     4 |     1 ||     6
       Banish            |       |       |     3 |     7 |       ||    10
Evoke: Wand              |       |       |       |     4 |       ||     4
  Use: Scroll            |     8 |     5 |    10 |    18 |     1 ||    42
       Potion            |       |     3 |       |     8 |       ||    11
  Eat: Chunk             |    13 |    30 |    35 |   138 |     3 ||   219
Armor: Leather armour    |     7 |       |       |       |       ||     7
       Ring mail         |    44 |    57 |       |       |       ||   101
       Chain mail        |       |     2 |   256 |       |       ||   258
       Fire dragon scale |       |       |    17 |   376 |    23 ||   416
Dodge: Dodged            |    52 |    89 |    97 |   276 |    14 ||   528
Block: Buckler           |     3 |    35 |     7 |       |       ||    45
       Large shield      |       |       |   239 |   751 |    13 ||  1003
